 Dungeon Crawl Stone Soup version 0.27-a0-1281-ge233d83751 (webtiles) character file.

Game seed: 11388866146410285285

78433 Mesmaeker13 the Convoker (level 15, -1/89 HPs)
             Began as a Tengu Summoner on June 13, 2021.
             Was a High Priest of Sif Muna.
             Slain by a storm dragon (5 damage)
             ... on level 14 of the Dungeon.
             The game lasted 01:46:50 (45006 turns).

Mesmaeker13 the Convoker (Tengu Summoner)          Turns: 45006, Time: 01:46:50

Health: -1/89      AC: 14    Str:  9    XL:     15   Next: 60%
Magic:  8/23       EV: 27    Int: 24    God:    Sif Muna [*****.]
Gold:   4349       SH:  9    Dex: 23    Spells: 2/20 levels left

rFire    . . .     SeeInvis .   L - +9 demon trident (flame)
rCold    + . .     Faith    .   d - +3 buckler "Osynlos" {Int+4 Dex+4}
rNeg     . . .     Spirit   .   r - +2 leather armour {rC+}
rPois    +         Reflect  .   F - +2 hat
rElec    .         Harm     .   q - +2 cloak
rCorr    .         Rampage  .   N - +2 pair of gloves {Dex+3}
Will     +....                  (boots unavailable)
Stlth    ++........             s - amulet of the acrobat
HPRegen  0.24/turn              P - +4 ring of evasion
MPRegen  0.18/turn              w - ring of poison resistance

@: forested, flying quickly and evasively, studying 2 skills, quick
A: beak, talons 3, nimble flight
a: Renounce Religion, Channel Magic, Forget Spell, Divine Exegesis


You were on level 14 of the Dungeon.
You worshipped Sif Muna.
Sif Muna was extremely pleased with you.
You visited 4 branches of the dungeon, and saw 23 of its levels.
You also visited: Bailey.

You collected 4661 gold pieces.
You spent 312 gold pieces at shops.

Inventory:

Hand Weapons
 L - a +9 demon trident of flaming (weapon)
Missiles
 b - a curare-tipped dart (quivered)
 k - a throwing net
Armour
 d - the +3 buckler "Osynlos" (worn) {Int+4 Dex+4}
   (You acquired it on level 7 of the Dungeon)

   It affects your intelligence (+4).
   It affects your dexterity (+4).
 q - a +2 cloak (worn)
 r - a +2 leather armour of cold resistance (worn)
 D - +0 acid dragon scales
 F - a +2 hat (worn)
 N - a +2 pair of gloves of dexterity (worn)
Jewellery
 e - the ring of Rithossi {Fly rF+ rN+ Str+6 Dex-5}
   (You found it on level 8 of the Dungeon)

   [ring of strength]

   It affects your strength (+6).
   It affects your dexterity (-5).
   It protects you from fire.
   It protects you from negative energy.
   It grants you flight.
 s - an amulet of the acrobat (around neck)
 w - a ring of poison resistance (right hand)
 P - a +4 ring of evasion (left hand)
Wands
 x - a wand of paralysis (16)
 z - a wand of digging (16)
Scrolls
 a - a scroll of silence {unknown}
 g - 5 scrolls of noise
 h - 7 scrolls of teleportation
 j - 4 scrolls of immolation
 m - 2 scrolls of enchant armour
 o - a scroll of summoning
 t - 2 scrolls of fog
 u - a scroll of holy word {unknown}
 y - 2 scrolls of brand weapon {unknown}
 O - a scroll of magic mapping
 R - a scroll of fear
Potions
 c - 5 potions of lignification
 f - 9 potions of curing
 i - a potion of cancellation
 l - 5 potions of brilliance
 n - 4 potions of might
 p - 2 potions of resistance
 v - a potion of ambrosia {unknown}
 A - 4 potions of invisibility
 B - a potion of attraction {unknown}
 H - 3 potions of haste {unknown}
 I - 2 potions of heal wounds
 J - a potion of magic {unknown}
 S - a potion of berserk rage {unknown}


   Skills:
 - Level 8.4 Fighting
 + Level 5.8 Polearms
 - Level 5.0 Armour
 - Level 10.1 Dodging
 - Level 2.0 Stealth
 - Level 4.0 Shields
 - Level 3.2 Spellcasting
 + Level 16.6 Summonings
 + Level 9.4 Translocations
 - Level 7.0 Ice Magic
 - Level 9.0 Air Magic
 + Level 9.5 Invocations


You had 2 spell levels left.
You knew the following spells:

 Your Spells              Type           Power      Damage    Failure   Level
a - Summon Forest         Summ/Tloc      30%        N/A       1%          5
c - Call Canine Familiar  Summ           70%        N/A       1%          3
d - Summon Lightning Spi  Summ/Air       60%        N/A       1%          4
e - Summon Ice Beast      Ice/Summ       57%        N/A       1%          4
f - Blink                 Tloc           N/A        N/A       1%          2

Your spell library contained the following spells:

 Spells                   Type           Power      Damage    Failure   Level
 Summon Small Mammal      Summ           100%       N/A       0%          1
 Apportation              Tloc           98%        N/A       1%          1
 Call Imp                 Summ           70%        N/A       1%          2
 Corpse Rot               Necr/Air       N/A        N/A       3%          2
 Static Discharge         Conj/Air       25%        N/A       3%          2
 Animate Skeleton         Necr           6%         N/A       14%         1
 Beastly Appendage        Tmut           6%         N/A       14%         1
 Corona                   Hex            3%         N/A       14%         1
 Foxfire                  Conj/Fire      12%        2x1d4     14%         1
 Magic Dart               Conj           12%        1d3       14%         1
 Passwall                 Tmut/Erth      2%         N/A       22%         2
 Searing Ray              Conj           6%         3d3       22%         2
 Slow                     Hex            3%         N/A       22%         2
 Sublimation of Blood     Necr           1%         N/A       22%         2
 Wereblood                Tmut           3%         N/A       22%         2
 Summon Guardian Golem    Hex/Summ       43%        N/A       1%          3
 Swiftness                Air            47%        N/A       1%          3
 Shadow Creatures         Summ           N/A        N/A       2%          6
 Portal Projectile        Hex/Tloc       52%        N/A       6%          3
 Mephitic Cloud           Conj/Pois/Air  18%        N/A       12%         3
 Summon Mana Viper        Hex/Summ       43%        N/A       13%         5
 Summon Hydra             Summ           35%        N/A       13%         7
 Ice Form                 Ice/Tmut       20%        N/A       32%         4
 Conjure Flame            Conj/Fire      3%         6-21      38%         3
 Ignite Poison            Fire/Tmut/Pois 3%         N/A       38%         3
 Inner Flame              Hex/Fire       3%         N/A       38%         3
 Spider Form              Tmut/Pois      1%         N/A       38%         3
 Stone Arrow              Conj/Erth      6%         3d7       38%         3
 Freezing Cloud           Conj/Ice/Air   14%        6-21      38%         5
 Metabolic Englaciation   Hex/Ice        10%        N/A       65%         5
 Cause Fear               Hex            1%         N/A       80%         4
 Fulminant Prism          Conj/Hex       1%         3d6       80%         4
 Leda's Liquefaction      Hex/Erth       1%         N/A       80%         4
 Sticky Flame             Conj/Fire      3%         2d3       80%         4
 Fireball                 Conj/Fire      1%         3d3       98%         5
 Starburst                Conj/Fire      1%         8x6d3     100%        6
 Ignition                 Fire           1%         3d3       100%        8
 Lehudib's Crystal Spear  Conj/Erth      1%         10d2      100%        8
 Chain Lightning          Conj/Air       12%        3d16      100%        9


Dungeon Overview and Level Annotations

Branches:
Dungeon (14/15)            Temple (1/1) D:7            Lair (6/6) D:10
  Swamp (0/4) Lair:2        Snake (0/4) Lair:4        Slime (0/5) Lair:6
    Orc (2/2) D:12            Elf (0/3) Orc:2        Vaults (0/5) D:14
 Bailey (visited)

Altars:
Ashenzari
Cheibriados
Dithmenos
Elyvilon
Fedhas
Gozag
Hepliaklqana
Kikubaaqudgha
Makhleb
Nemelex Xobeh
Okawaru
Qazlal
Ru
Sif Muna
Trog
Uskayaw
Vehumet
Wu Jian
Xom
Yredelemnul
Zin
The Shining One
Jiyva

Shops:
D:1 ?   D:2 :[[   D:11 (   Orc:2 (*?:=

Annotations:
D:12 1 exclusion
D:13 1 runed translucent door, exclusion: orange crystal statue
Lair:4 2 transporters, Dosewi's ghost, journeyman DECj
Lair:5 exclusion: 2 oklob plants
Lair:6 1 runed translucent door, exclusion: obsidian statue
Orc:2 3 runed translucent doors, Gruesome's ghost, adept OpEE


Innate Abilities, Weirdness & Mutations

You have a beak for a mouth.
You have claws for feet.
Your magical nature lets you fly swiftly and evasively.


Message History

You block the storm dragon's attack.
The storm dragon claws you but does no damage.
The storm dragon tramples you!
You are shoved backwards!
Your warg misses the storm dragon.
Your dryad hits the storm dragon but does no damage.
You impale the storm dragon!! You burn the storm dragon!
You claw the storm dragon, but do no damage.
The storm dragon is severely wounded.
Your ice beast hits the storm dragon.
Your ice beast freezes the storm dragon.
The storm dragon resists.
The storm dragon bites you. The storm dragon closely misses you.
The storm dragon tramples you.
You are shoved backwards!
Your warg bites the storm dragon!
Your dryad hits the storm dragon. You closely miss the storm dragon.
You claw the storm dragon.
The storm dragon is almost dead.
The storm dragon bites you!
* * * LOW HITPOINT WARNING * * *
The storm dragon claws you.
* * * LOW HITPOINT WARNING * * *
The storm dragon completely misses you.
Your warg closely misses the storm dragon.
The storm dragon bites you!
* * * LOW HITPOINT WARNING * * *
You block the storm dragon's attack. The storm dragon closely misses you.
Your ice beast hits the storm dragon but does no damage.
You swap places.
Your warg bites the storm dragon but does no damage.
The storm dragon completely misses you. You block the storm dragon's attack. x2
You closely miss the storm dragon. Your peck misses the storm dragon.
The storm dragon is almost dead.
Your ice beast closely misses the storm dragon.
Your dryad calls out to the forest.
Vines fly forth from the trees!
Your ice beast barely misses the storm dragon.
Your warg bites the storm dragon!
The storm dragon misses you. The storm dragon claws you.
* * * LOW HITPOINT WARNING * * *
The storm dragon tramples you.
You die...

###### ### ##.##.♣#
#.############## ##.###..#
##.............#
########.###♣..## #.#############
........## #....#♣#.#
.#####...###.....##.# .#
##..#♣......##.#♣♣#♣ .#
#...♣......h......# .#
#...>.♣...@DR..###♣ .#
#..........YY### .#
##.............## .###
##.....w♣.......#
...####.............##♣
....................####
#.......##........w....#####
#.....####....[...♣........######
#.....# ##.....................#


You could see a storm dragon (ally target), a friendly dryad (summoned), a
friendly warg (summoned), 2 friendly ice beasts and 2 friendly snaplasher vines.

Vanquished Creatures
  2 dire elephants (Lair:6)
  A crystal guardian (D:14)
  A boulder beetle (D:12)
  3 ogre magi
  A centaur warrior (D:14)
  2 hydras
  3 two-headed ogres
  6 death yaks
  The ghost of totalnoob the Thaumaturge, a novice DjVM of Makhleb (Lair:1)
  A spectral death yak (Lair:6)
  2 skeletal warriors (D:11)
  A deep troll (D:14)
  A spectral anaconda (Lair:6)
  A deep elf pyromancer (D:12)
  2 necromancers
  2 cyclopes
  2 orc sorcerers
  5 elephants
  An ugly thing (D:12)
  A cyclops (shapeshifter) (D:13)
  7 black mambas
  3 cane toads
  2 kobold demonologists
  2 komodo dragons
  4 yaktaurs
  A rime drake (Lair:1)
  5 trolls
  A polar bear (Lair:1)
  10 blink frogs
  2 spectral elephants (Lair:6)
  A spriggan (D:14)
  A dire elephant simulacrum (Lair:6)
  A tarantella (shapeshifter) (D:14)
  10 yaks
  A wraith (D:12)
  5 vampire mosquitoes
  2 wargs
  An acid dragon (D:12)
  10 water moccasins
  A hydra simulacrum (Lair:1)
  2 hell hounds (D:12)
  An ice beast (D:8)
  2 sky beasts
  An elephant zombie (Lair:6)
  9 orc warriors
  9 wolves
  11 ogres
  A centaur (D:12)
  A phantom (D:4)
  3 kobold brigands
  3 bullfrogs
  2 elephant simulacra (Lair:6)
  2 killer bees
  A komodo dragon simulacrum (Lair:1)
  2 centaur zombies
  2 water moccasin simulacra (Lair:1)
  5 orc priests
  3 gnoll shamans
  A bullfrog skeleton (D:7)
  An iguana (Lair:2)
  6 orc wizards
  A bullfrog simulacrum (Lair:1)
  A basilisk simulacrum (Lair:1)
  20 gnolls
  An adder (D:2)
  A shadow imp (D:7)
  An adder zombie (D:5)
  A worm (D:3)
  2 dart slugs
  20 orcs
  7 ball pythons
  6 endoplasms
  A giant cockroach (D:1)
  4 goblins
  2 hobgoblins (D:1)
  A jackal (D:3)
  A quokka (D:4)
  2 bats
  3 frilled lizards
  30 kobolds
  A rat (D:3)
283 creatures vanquished.

Vanquished Creatures (collateral kills)
  A fire giant (D:12)
  An orc warlord (Orc:2)
  A very ugly thing (D:12)
  3 dire elephants (Lair:6)
  A great orb of eyes (D:12)
  A rakshasa (D:12)
  A centaur warrior (D:12)
  6 hydras
  3 boulder beetles
  2 ogre magi (Orc:2)
  17 two-headed ogres
  10 death yaks
  A tengu warrior (D:14)
  4 hell knights (D:12)
  Nergalle (D:12)
  2 skeletal warriors (D:11)
  2 spectral death yaks (Lair:6)
  4 deep elf pyromancers (D:12)
  6 necromancers
  5 orc knights
  2 ugly things (D:12)
  A manticore (D:14)
  An orc sorcerer (Orc:1)
  4 cyclopes (D:12)
  7 elephants
  A torpor snail (Lair:5)
  A centaur zombie (D:10)
  4 black mambas
  4 unseen horrors
  11 cane toads
  A kobold demonologist (D:12)
  Psyche (D:12)
  7 rime drakes
  A freezing wraith (D:10)
  2 yaktaurs (D:14)
  8 komodo dragons
  3 tengu conjurers
  5 trolls
  A hornet (D:10)
  17 blink frogs
  A dream sheep (Lair:5)
  3 spectral elephants (Lair:6)
  A spriggan (Lair:2)
  Sigmund (D:6)
  2 shadows (D:12)
  A dire elephant simulacrum (Lair:6)
  3 wyverns
  22 yaks
  5 basilisks
  2 steam dragons
  7 vampire mosquitoes
  A death yak simulacrum (Lair:6)
  4 wargs
  2 spectral cane toads (Lair:6)
  5 hell hounds (D:12)
  14 water moccasins
  2 acid dragons (D:12)
  A swamp drake (Lair:2)
  A boulder beetle simulacrum (Lair:1)
  16 orc warriors
  A black bear (D:3)
  2 elephant zombies (Lair:6)
  2 ice beasts
  2 necrophages
  21 wolves (Lair:4)
  17 ogres
  3 boggarts (D:12)
  4 centaurs
  A phantom (D:4)
  2 kobold brigands (D:8)
  Blork the orc (D:6)
  4 bullfrogs
  A wyvern zombie (D:7)
  3 gnoll sergeants
  4 scorpions
  A wyvern skeleton (D:7)
  An elephant simulacrum (Lair:6)
  4 killer bees (D:9)
  An electric eel (Lair:1)
  A gnoll shaman (D:4)
  A hound (D:5)
  2 jellies
  9 orc priests
  A bullfrog skeleton (D:5)
  9 orc wizards
  A yak simulacrum (Lair:1)
  26 gnolls
  7 adders
  A shadow imp (D:6)
  A worm (D:2)
  2 dart slugs
  59 orcs
  An endoplasm (D:1)
  3 giant cockroaches
  9 hobgoblins
  2 jackals (D:3)
  7 ball pythons (D:3)
  3 bats
  2 frilled lizards
  21 kobolds
  2 rats
493 creatures vanquished.

Vanquished Creatures (others)
  An unseen horror (D:12)
  2 orcs (Orc:1)
  A bush (Lair:4)
  59 fungi
  90 plants
  9 snaplasher vines
  23 withered plants (Lair:6)
185 creatures vanquished.

Grand Total: 961 creatures vanquished

Notes
Turn   | Place    | Note
-------+----------+-------------------------------------------
     0 | D:1      | Mesmaeker13 the Tengu Summoner began the quest for the Orb.
     0 | D:1      | Reached XP level 1. HP: 10/10 MP: 4/4
    84 | D:1      | Found Noixupn's Magic Scroll Boutique.
    96 | D:1      | Reached skill level 5 in Summonings
    98 | D:1      | Reached XP level 2. HP: 11/15 MP: 4/6
   907 | D:2      | Found Eronuj's Antique Armour Emporium.
   915 | D:1      | Learned a level 2 spell: Call Imp
  1207 | D:2      | Reached XP level 3. HP: 19/19 MP: 2/7
  1490 | D:2      | Found Fuydoefo's Book Emporium.
  1680 | D:2      | Found a faded altar of an unknown god.
  1749 | D:2      | Found Zosmuy's Antique Armour Emporium.
  2041 | D:2      | Learned a level 3 spell: Call Canine Familiar
  2043 | D:2      | Identified a scroll of acquirement
  2411 | D:3      | Found a sacrificial altar of Ru.
  2598 | D:3      | Reached XP level 4. HP: 14/24 MP: 3/9
  3264 | D:3      | Noticed a black bear
  3312 | D:4      | Noticed a phantom
  3824 | D:4      | Noticed a scorpion
  4203 | D:4      | Killed a scorpion
  4204 | D:4      | Gained mutation: Your magical nature lets you fly swiftly
                  | and evasively. [Tengu growth]
  4204 | D:4      | Reached XP level 5. HP: 10/28 MP: 0/10
  4440 | D:4      | Learned a level 4 spell: Summon Lightning Spire
  4521 | D:4      | Reached skill level 6 in Summonings
  4524 | D:4      | Reached skill level 1 in Air Magic
  4688 | D:4      | Reached XP level 6. HP: 15/32 MP: 11/11
  5864 | D:4      | Reached skill level 7 in Summonings
  5864 | D:4      | Reached XP level 7. HP: 19/36 MP: 4/12
  6063 | D:4      | Reached skill level 5 in Dodging
  6553 | D:2      | Bought an embroidered cloak for 187 gold pieces
  6553 | D:2      | Bought a glowing leather armour for 125 gold pieces
  7849 | D:5      | Entered Level 5 of the Dungeon
  8218 | D:5      | Reached skill level 1 in Polearms
  8218 | D:5      | Reached skill level 5 in Air Magic
  8218 | D:5      | Reached XP level 8. HP: 33/41 MP: 10/13
  8751 | D:4      | Reached skill level 8 in Summonings
  8834 | D:5      | You are sucked into a shaft and drop 2 floors!
  9226 | D:6      | Noticed Blork the orc
  9236 | D:6      | Killed Blork the orc
  9978 | D:6      | Noticed Sigmund
 10052 | D:6      | Killed Sigmund
 11230 | D:7      | Reached XP level 9. HP: 27/45 MP: 14/14
 11452 | D:7      | Learned a level 4 spell: Summon Ice Beast
 11649 | D:7      | Found a staircase to the Ecumenical Temple.
 11668 | Temple   | Entered the Ecumenical Temple
 11708 | Temple   | Became a worshipper of Sif Muna the Loreminder
 11992 | D:7      | Reached skill level 9 in Summonings
 12058 | D:7      | Reached skill level 1 in Ice Magic
 12154 | D:7      | Reached skill level 1 in Armour
 12724 | D:7      | Reached skill level 5 in Polearms
 12725 | D:7      | Acquired the +3 buckler "Osynlos" {Int+4 Dex+4}
 12915 | D:8      | Identified the ring of Rithossi {Fly rF+ rN+ Str+6 Dex-5}
 13065 | D:8      | Reached * piety under Sif Muna
 13393 | D:8      | Noticed a komodo dragon
 13824 | D:8      | Killed a komodo dragon
 13825 | D:8      | Reached skill level 1 in Shields
 13959 | D:9      | Noticed a troll
 13970 | D:9      | Killed a troll
 13999 | D:9      | Reached XP level 10. HP: 50/50 MP: 3/15
 14714 | D:9      | Reached skill level 10 in Summonings
 15369 | D:9      | Noticed a two-headed ogre
 15409 | D:9      | Killed a two-headed ogre
 15941 | D:10     | Entered Level 10 of the Dungeon
 16029 | D:10     | Found a basalt altar of Yredelemnul.
 16033 | D:10     | Found a broken altar of Ashenzari.
 16037 | D:10     | Found a shimmering altar of Xom.
 16039 | D:10     | Found a burning altar of Makhleb.
 16059 | D:10     | Found an opulent altar of Gozag.
 16935 | D:10     | Found a staircase to the Lair.
 17255 | Lair:1   | Entered Level 1 of the Lair of Beasts
 17417 | Lair:1   | Noticed a cane toad
 17430 | Lair:1   | Killed a cane toad
 17685 | Lair:1   | Reached skill level 11 in Summonings
 17685 | Lair:1   | Reached skill level 5 in Ice Magic
 17769 | Lair:1   | Noticed a cane toad
 17769 | Lair:1   | Noticed a cane toad
 17780 | Lair:1   | Killed a cane toad
 17793 | Lair:1   | Killed a cane toad
 17793 | Lair:1   | Reached ** piety under Sif Muna
 17910 | Lair:1   | Noticed totalnoob's ghost (novice DjVM)
 17938 | Lair:1   | Noticed a black mamba
 17946 | Lair:1   | Killed a black mamba
 18284 | Lair:1   | Found a runed translucent gate.
 18284 | Lair:1   | Found a runed translucent gate.
 18285 | Lair:1   | Found a runed translucent gate.
 18360 | Lair:1   | Noticed a six-headed hydra
 18368 | Lair:1   | Killed a six-headed hydra
 18369 | Lair:1   | Reached XP level 11. HP: 54/54 MP: 4/16
 18613 | Lair:1   | Identified the +4 dagger of the Crushing King {antimagic,
                  | rN+}
 19236 | Lair:2   | Learned a level 2 spell: Blink
 20125 | Lair:2   | Reached skill level 1 in Translocations
 20263 | Lair:2   | Noticed a six-headed hydra
 20274 | Lair:2   | Killed a six-headed hydra
 20390 | Lair:2   | Found a staircase to the Swamp.
 20521 | Lair:2   | Reached skill level 12 in Summonings
 21009 | Lair:3   | Noticed a seven-headed hydra
 21025 | Lair:3   | Killed a seven-headed hydra
 21026 | Lair:3   | Reached skill level 5 in Armour
 22393 | Lair:4   | Acquired 784 gold pieces
 22605 | Lair:4   | Reached skill level 1 in Fighting
 22631 | Lair:4   | Reached *** piety under Sif Muna
 22711 | Lair:4   | Acquired a +1 pair of gloves of dexterity
 22889 | Lair:4   | Reached XP level 12. HP: 62/62 MP: 6/17
 22894 | Lair:4   | Reached skill level 1 in Invocations
 23252 | Lair:4   | Reached skill level 13 in Summonings
 23478 | Lair:4   | Reached **** piety under Sif Muna
 23667 | Lair:4   | Found a staircase to the Snake Pit.
 23834 | Lair:4   | Noticed a death yak
 23866 | Lair:4   | Killed a death yak
 24026 | Lair:4   | Noticed a death yak
 24026 | Lair:4   | Noticed a death yak
 24027 | Lair:4   | Noticed a death yak
 24043 | Lair:4   | Noticed a death yak
 24044 | Lair:4   | Noticed a death yak
 24044 | Lair:4   | Killed a death yak
 24054 | Lair:4   | Killed a death yak
 24058 | Lair:4   | Killed a death yak
 24058 | Lair:4   | Killed a death yak
 24067 | Lair:4   | Killed a death yak
 24209 | Lair:4   | Found a transporter.
 24213 | Lair:4   | Found a transporter.
 24213 | Lair:4   | Noticed Dosewi's ghost (journeyman DECj)
 24500 | Lair:5   | Reached skill level 5 in Translocations
 25040 | Lair:5   | Reached skill level 5 in Fighting
 25522 | Lair:5   | Noticed a four-headed hydra
 25529 | Lair:5   | Killed a four-headed hydra
 25604 | Lair:5   | Reached XP level 13. HP: 73/73 MP: 9/18
 26160 | Lair:5   | Identified the +4 chain mail of Xeal {rCorr}
 26569 | Lair:6   | Entered Level 6 of the Lair of Beasts
 26583 | Lair:6   | Found a runed translucent door.
 26604 | Lair:6   | Found a viscous altar of Jiyva.
 26604 | Lair:6   | Noticed an azure jelly
 26756 | Lair:6   | Reached skill level 14 in Summonings
 26756 | Lair:6   | Reached skill level 5 in Invocations
 27297 | Lair:6   | Reached ***** piety under Sif Muna
 27297 | Lair:6   | Identified Kawnusos's Papyrus of Flight and Bewitchment
                  | (Sif Muna gifted it to you on level 6 of the Lair of
                  | Beasts)
 27297 | Lair:6   | Received a gift from Sif Muna
 27908 | Lair:6   | Noticed a dire elephant
 28357 | Lair:6   | Noticed a dire elephant
 28680 | Lair:6   | Found a staircase to the Slime Pits.
 28680 | Lair:6   | Noticed an azure jelly
 28680 | Lair:6   | Noticed an azure jelly
 28744 | Lair:6   | Noticed a dire elephant
 28771 | Lair:6   | Killed a dire elephant
 30211 | Lair:6   | Noticed a dire elephant
 30765 | Lair:6   | Killed a dire elephant
 30958 | Lair:6   | Noticed a dire elephant
 31193 | Lair:6   | Killed a dire elephant
 31392 | Lair:6   | Killed a dire elephant
 31525 | Lair:6   | Killed a dire elephant
 31526 | Lair:6   | Reached XP level 14. HP: 56/83 MP: 9/20
 31897 | D:11     | Found a flagged portal.
 31904 | Bailey   | Entered a bailey
 32201 | Bailey   | Acquired a book of Summonings
 32218 | Bailey   | Learned a level 5 spell: Summon Forest
 32271 | Bailey   | Reached skill level 15 in Summonings
 32748 | D:11     | Found Ebrustri's Weapon Shoppe.
 33951 | D:12     | Noticed Nergalle
 33961 | D:12     | Killed Nergalle
 34404 | D:12     | Noticed Psyche
 34912 | D:12     | Noticed a fire giant
 35122 | D:12     | Killed Psyche
 35372 | D:12     | Found a staircase to the Orcish Mines.
 36999 | Orc:1    | Entered Level 1 of the Orcish Mines
 37428 | Orc:1    | Paralysed by an orc sorcerer for 2 turns
 37910 | Orc:2    | Entered Level 2 of the Orcish Mines
 37941 | Orc:2    | Identified Sif Muna's Early Guide to Witchery (Sif Muna
                  | gifted it to you on level 2 of the Orcish Mines)
 37941 | Orc:2    | Received a gift from Sif Muna
 38048 | Orc:2    | Found a runed translucent gate.
 38048 | Orc:2    | Found a runed translucent gate.
 38048 | Orc:2    | Found a runed translucent gate.
 38055 | Orc:2    | Noticed Gruesome's ghost (adept OpEE)
 38223 | Orc:2    | Noticed an orc warlord
 38266 | Orc:2    | Killed an orc warlord
 39023 | Orc:2    | Reached skill level 16 in Summonings
 39023 | Orc:2    | Reached XP level 15. HP: 79/89 MP: 12/22
 39080 | Orc:2    | Found Tileh's Jewellery Shop.
 39118 | Orc:2    | Found Elyh's Magic Scroll Shop.
 39118 | Orc:2    | Found Vehuy's Antique Weapon Emporium.
 39119 | Orc:2    | Found Wuetz's Book Shoppe.
 39119 | Orc:2    | Found Siaka's General Store.
 39633 | Orc:2    | Found a staircase to the Elven Halls.
 40444 | D:12     | Killed a fire giant
 41003 | D:12     | Reached skill level 10 in Dodging
 41527 | D:12     | Identified Sif Muna's Compendium of the Oath and Combat
                  | Magic (Sif Muna gifted it to you on level 12 of the
                  | Dungeon)
 41527 | D:12     | Received a gift from Sif Muna
 42067 | Lair:1   | Killed totalnoob's ghost
 42219 | Lair:1   | Identified the ring "Vadolai" {Fire rN+++ Int-5 Dex+6}
 42383 | D:13     | Found a runed translucent door.
 42387 | D:13     | Found the +7 lajatang of Order {silver, rMut}
 43926 | D:14     | Found a gate to the Vaults.
 44422 | D:14     | Noticed a storm dragon
 44423 | D:14     | Noticed a tengu reaver
 45004 | D:14     | HP: 4/89 [storm dragon (17)]
 45006 | D:14     | Slain by a storm dragon

Illustrated notes

Levels and vault maps discovered:
D:1:      amcnicky_arrival_choice, layout_loops_ring, serial_shops,
          nicolae_shop_competitors_out_of_business, st_stairs_11,
          hangedman_decor_diamond_cutter
D:2:      layout_basic, ebering_ecumenical_altar_mist, serial_shops, shop, shop,
          nicolae_shop_statue_plus, grunt_ministairs_10, minmay_tiny_reverse_x
D:3:      layout_basic, amcnicky_altar_gilded, minmay_shallow_snake_nest
D:4:      minmay_goblin_kobold_castle, layout_basic
D:5:      layout_rooms
D:6:      layout_cave_pods, kennysheep_generic_room_14, uniq_blork_the_orc,
          uniq_sigmund
D:7:      layout_cave_pods, temple_green
D:8:      layout_basic
D:9:      corexii_shack_village, layout_basic
D:10:     layout_cave_pods, minmay_overflow_temple_star_hex, david_lair_shrubbed
D:11:     layout_roguey, serial_shops, shop_fountains,
          portal_ice_cave_entry_pillars_2, enter_bailey_1
D:12:     minmay_the_grid_square_5x5_5x5_mashed
          [minmay_the_grid_square_5x5_fat_x, minmay_the_grid_square_5x5_forky,
          minmay_the_grid_square_5x5_checkered,
          minmay_the_grid_square_5x5_intrusive_squares,
          minmay_the_grid_square_5x5_mess, minmay_the_grid_square_5x5_n_small,
          minmay_the_grid_square_5x5_prize_waves,
          minmay_the_grid_square_5x5_hollow_slash,
          minmay_the_grid_square_5x5_prize_open,
          minmay_the_grid_square_5x5_checkered_statues,
          minmay_the_grid_square_5x5_beaten_path,
          minmay_the_grid_square_5x5_misaligned,
          minmay_the_grid_square_5x5_prize_monsterx,
          minmay_the_grid_square_5x5_corner, minmay_the_grid_square_5x5_dogpile,
          minmay_the_grid_square_5x5_doubleslash,
          minmay_the_grid_square_5x5_prize_itemx,
          minmay_the_grid_square_5x5_two_small,
          minmay_the_grid_square_5x5_prize_gold,
          minmay_the_grid_square_5x5_longway,
          minmay_the_grid_square_5x5_inverted_slash,
          minmay_the_grid_square_5x5_moneybag, minmay_the_grid_square_5x5_z,
          minmay_the_grid_square_5x5_spiral,
          minmay_the_grid_square_5x5_two_walls_b], layout_layer_cave,
          minmay_orc_entry_guard_dogs, minmay_rotating_lava, uniq_psyche,
          uniq_nergalle
D:13:     layout_long_grid, minmay_crystal_box
D:14:     cheibrodos_leafed_vault, layout_layer_cave, drop_trap,
          minmay_misc_feat_four_crosses, palyth_stone_intersect, the_hattery
Temple:   nicolae_temple_elliptical
Lair:1:   layout_cellular_growth, gammafunk_ghost_icy, serial_bayou_crossing,
          grunt_megastairs_2, serial_bayou_shore_a
Lair:2:   layout_cellular_growth, minmay_swamp_entry_reptiles, wad_woods_03
Lair:3:   layout_regular_city, st_stairs_5
Lair:4:   layout_loops_ring, minmay_snake_entry_six_corridors,
          gammafunk_ghost_hive, grunt_forest_large_clearings
Lair:5:   layout_cave_pods, grunt_megastairs_1, minmay_lair_oklob_chamber
Lair:6:   due_jungle_book, layout_layer_cave, slime_altar_2
Orc:1:    layout_caves
Orc:2:    st_orc_ogre_mass, layout_diamond_mine, serial_shops,
          nicolae_shop_waterfront, ebering_ghost_rock_garden

Skill      XL: |  1  2  3  4  5  6  7  8  9 10 11 12 13 14 15 |
---------------+----------------------------------------------+-----
Summonings     | 5 6 7 8 9 11 12 13 14 16 | 16.6
Dodging        | 3 4 5 6 7 8 9 10 | 10.1
Spellcasting   | 3 |  3.2
Air Magic      | 1 3 5 6 8 9 |  9.0
Polearms       | 1 3 5 |  5.8
Ice Magic      | 3 5 7 |  7.0
Armour         | 2 3 5 |  5.0
Shields        | 1 4 |  4.0
Translocations | 3 5 7 8 9 |  9.4
Fighting       | 2 5 7 8 |  8.4
Invocations    | 4 6 8 9 |  9.5
Stealth        | |  2.0

Action                   |  1- 3 |  4- 6 |  7- 9 | 10-12 | 13-15 || total
-------------------------+-------+-------+-------+-------+-------++-------
Melee: Short sword       |    58 |    26 |       |       |       ||    84
       Kick              |    13 |    14 |    51 |    99 |   284 ||   461
       Peck              |     2 |     9 |    40 |    51 |   172 ||   274
       Spear             |       |    40 |       |   284 |   821 ||  1145
       Flail             |       |    25 |   227 |    45 |       ||   297
       Scythe            |       |       |     4 |       |       ||     4
       Demon trident     |       |       |       |       |   113 ||   113
Throw: Dart              |       |       |     1 |     1 |     3 ||     5
 Cast: Summon Small Mamm |     9 |       |       |     1 |       ||    10
       Call Imp          |    33 |    41 |    40 |     1 |     1 ||   116
       Call Canine Famil |       |    14 |    49 |     8 |    37 ||   108
       Summon Lightning  |       |       |    28 |    84 |   174 ||   286
       Summon Ice Beast  |       |       |     9 |   103 |   125 ||   237
       Summon Forest     |       |       |       |       |    19 ||    19
Invok: Channel Magic     |       |       |       |     1 |     3 ||     4
       Forget Spell      |       |       |       |       |     1 ||     1
Evoke: Wand              |       |       |     6 |    17 |    14 ||    37
  Use: Scroll            |     4 |     3 |     7 |     6 |    18 ||    38
       Potion            |       |     2 |     1 |       |     3 ||     6
 Stab: Sleeping          |     3 |     3 |     1 |     1 |     1 ||     9
       Distracted        |       |     3 |     9 |    25 |    54 ||    91
       Paralysed         |       |       |       |    10 |     3 ||    13
Armor: Robe              |    14 |    10 |     5 |       |       ||    29
       Leather armour    |       |       |    62 |    40 |    95 ||   197
       Skin              |       |       |       |       |     2 ||     2
Dodge: Dodged            |    46 |    70 |   256 |   190 |   517 ||  1079
Block: Buckler           |       |       |       |    79 |   263 ||   342

Table legend: (Time is in decaauts)
 A = Elapsed time spent in this place.
 B = Non-inter-level travel time spent in this place.
 C = Inter-level travel time spent in this place.
 D = Time resting spent in this place.
 E = Time spent auto-exploring this place.
 F = Levels seen in this place.
 G = Mean time per level.
                   A        B        C        D        E       F      G
               +--------+--------+--------+--------+--------+-----+--------+
         Total |  43086 |  41147 |   1939 |  13457 |  17747 |  24 | 1795.2 |
       Dungeon |  25604 |  24316 |   1288 |   8087 |  10401 |  14 | 1828.9 |
        Temple |    190 |    150 |     40 |      0 |    142 |   1 |  190.0 |
          Lair |  14095 |  13545 |    550 |   4619 |   5834 |   6 | 2349.2 |
  Orcish Mines |   2564 |   2504 |     60 |    398 |   1331 |   2 | 1282.0 |
        Bailey |    631 |    631 |      0 |    351 |     38 |   1 |  631.0 |
               +--------+--------+--------+--------+--------+-----+--------+

Top non-repeatable levels by time:
  Lair:6: 4743 daAuts
    D:12: 4584 daAuts
     D:4: 3415 daAuts
  Lair:5: 2161 daAuts
     D:7: 2008 daAuts
  Lair:1: 1953 daAuts
  Lair:2: 1921 daAuts
  Lair:4: 1857 daAuts
     D:3: 1826 daAuts
     D:9: 1796 daAuts
     D:2: 1778 daAuts
    D:11: 1760 daAuts
     D:6: 1661 daAuts
   Orc:2: 1597 daAuts
    D:14: 1594 daAuts
